 Dungeon Crawl Stone Soup version 0.17.1-2-g5865329 (webtiles) character file.

239 FortyThree the Insei (level 6, -2/42 HPs)
             Began as an Octopode Monk on Jan 28, 2016.
             Slain by an orc
             ... wielding a +0 mace
              (9 damage)
             ... on level 4 of the Dungeon.
             The game lasted 00:07:00 (3502 turns).

FortyThree the Insei (Octopode Monk)                Turns: 3502, Time: 00:07:00

Health: -2/42      AC:  1    Str: 10    XL:     6   Next: 7%
Magic:  6/6        EV: 13    Int: 12    God:
Gold:   167        SH:  0    Dex: 17    Spells: 0 memorised, 5 levels left

rFire  . . .     SeeInvis .       - Unarmed
rCold  . . .     Clarity  .     (no shield)
rNeg   . . .     SustAt   .     (helmet restricted)
rPois  .         Gourm    .     (no amulet)
rElec  .         Spirit   .     (no ring)
rCorr  .         Warding  .     (no ring)
rMut   .         Stasis   .     (no ring)
MR     .....                    (no ring)
Stlth  +++.......               (no ring)
                                (no ring)
                                (no ring)
                                (no ring)

@: not resistant to hostile enchantments, fairly stealthy
A: almost no armour, amphibious, 8 rings, constrict 8, camouflage 1, gelatinous
body 1
a: no special abilities


You were on level 4 of the Dungeon.
You were not hungry.

You visited 1 branch of the dungeon, and saw 4 of its levels.

You collected 167 gold pieces.

Inventory:

Wands
 g - a wand of hasting (3)
 n - a wand of flame (25)
Scrolls
 b - a scroll of recharging {unknown}
 c - 4 scrolls of remove curse {unknown}
 d - 3 scrolls of fog {unknown}
 f - 2 scrolls of immolation {unknown}
 h - 3 scrolls of identify {unknown}
 j - a scroll of fear {unknown}
Potions
 e - 4 potions of curing
 i - 2 potions of heal wounds {unknown}
 k - 2 potions of ambrosia {unknown}
 l - a potion of magic {unknown}
 m - 2 potions of cure mutation {unknown}
 p - a potion of poison {unknown}
Comestibles
 a - 3 bread rations
 o - 2 meat rations


   Skills:
 - Level 3.0 Fighting
 - Level 3.0 Dodging
 - Level 2.6 Stealth
 + Level 7.1 Unarmed Combat


You had 5 spell levels left.
You didn't know any spells.

Dungeon Overview and Level Annotations

Branches:
Dungeon (4/15)
 Temple: D:4-7

Altars:
Fedhas
Nemelex Xobeh
Okawaru
Vehumet

Annotations:
D:2 Natasha


Innate Abilities, Weirdness & Mutations

You cannot wear most types of armour.
You are amphibious.
You can wear up to eight rings at the same time.
You can use your tentacles to constrict eight enemies at once.
Your skin changes colour to match your surroundings (Stealth).
Your rubbery body absorbs attacks (AC +1).


Message History

You constrict the orc. The orc barely misses you.
You tentacle-slap the orc.
You kill the orc!
The orc closely misses you. The orc barely misses you.
The orc hits you but does no damage.
You barely miss the orc. Your grab misses the orc.
The orc hits you with a mace.
The orc hits you from afar with a trident!
You tentacle-slap the orc. You grab the orc.
The orc is heavily wounded.
You constrict the orc. The orc hits you with a mace.
* * * LOW HITPOINT WARNING * * *
The orc barely misses you.
You are too injured to fight recklessly!
You release your grip on the orc.
The orc hits you with a mace.
* * * LOW HITPOINT WARNING * * *
Things that are here:
a ring mail; an orc corpse The orc hits you with a mace!
You die...

#.........# #.........#
#.........# #..#
####...#### #...
#......# #... ####o..#
#... #o..# #.## #[o.#
#.#. #@..# ##.#.
#########...# #..##
#.......#...# #....
#.......#...# #.###
#.......#...##########.#
#.......#..............#
#....................###
#....................#
#.........#..........#


You could see 3 orcs.

Vanquished Creatures
  Natasha (twice) (D:2)
  A worker ant (D:4)
  Robin (D:2)
  5 adders
  An ooze (D:3)
  2 adder skeletons
  3 worms
  5 orcs
  7 giant cockroaches
  18 goblins
  19 hobgoblins
  4 jackals (D:4)
  A quokka (D:2)
  8 bats
  3 giant geckos
  2 giant gecko skeletons (D:4)
  4 giant newts
  9 kobolds
  A quokka skeleton (D:4)
  10 rats
106 creatures vanquished.

Notes
Turn   | Place    | Note
--------------------------------------------------------------
     0 | D:1      | FortyThree the Octopode Monk began the quest for the Orb.
     0 | D:1      | Reached XP level 1. HP: 16/16 MP: 1/1
   105 | D:1      | Reached XP level 2. HP: 13/21 MP: 2/2
  1130 | D:2      | Reached skill level 5 in Unarmed Combat
  1130 | D:2      | Reached XP level 3. HP: 21/26 MP: 3/3
  1177 | D:2      | Noticed Robin
  1214 | D:2      | Killed Robin
  1215 | D:2      | Reached XP level 4. HP: 21/31 MP: 4/4
  1399 | D:2      | Noticed Natasha
  1534 | D:2      | Killed Natasha
  1694 | D:2      | Noticed Natasha
  1702 | D:2      | Killed Natasha
  1702 | D:2      | Reached skill level 6 in Unarmed Combat
  1931 | D:2      | Reached XP level 5. HP: 36/36 MP: 5/5
  2003 | D:2      | Found a sparkling altar of Nemelex Xobeh.
  2003 | D:2      | Found an iron altar of Okawaru.
  2003 | D:2      | Noticed Natasha
  2425 | D:3      | Found a blossoming altar of Fedhas.
  2709 | D:3      | Found a radiant altar of Vehumet.
  3349 | D:4      | Reached skill level 7 in Unarmed Combat
  3349 | D:4      | Reached XP level 6. HP: 33/42 MP: 6/6
  3502 | D:4      | Slain by an orc

Action                   |  1- 3 |  4- 6 || total
-------------------------+-------+-------++-------
Melee: Unarmed           |    70 |   141 ||   211
  Use: Potion            |     1 |       ||     1
 Stab: Sleeping          |     9 |    24 ||    33
  Eat: Chunk             |       |     6 ||     6
       Bread ration      |       |     1 ||     1
